 Dungeon Crawl Stone Soup version 0.22-a0-609-gfedc9ff (webtiles) character file.

214 robertstho the Chopper (level 5, 0/57 HPs)
             Began as an Ogre Berserker on July 10, 2018.
             Was a Believer of Trog.
             Slain by a hound (5 damage)
             ... on level 4 of the Dungeon.
             The game lasted 00:03:34 (2606 turns).

robertstho the Chopper (Ogre Berserker)             Turns: 2606, Time: 00:03:35

Health: 0/57       AC:  3    Str: 21    XL:     5   Next: 91%
Magic:  5/5        EV: 11    Int:  8    God:    Trog [**....]
Gold:   80         SH:  0    Dex:  9    Spells: 4/4 levels left

rFire    . . .     SeeInvis .   a - +0 hand axe
rCold    . . .     Gourm    .   (no shield)
rNeg     . . .     Faith    .   b - +0 animal skin
rPois    .         Spirit   .   (helmet restricted)
rElec    .         Reflect  .   p - scarf {cloud immunity}
rCorr    .         Harm     .   (gloves unavailable)
MR       .....                  (boots unavailable)
Stlth    +.........             (no amulet)
HPRegen  0.19/turn              (no ring)
MPRegen  0.09/turn              (no ring)

@: berserk cooldown
A: large, unfitting armour, tough skin 1
a: Berserk, Trog's Hand, Renounce Religion


You were on level 4 of the Dungeon.
You worshipped Trog.
Trog was pleased with you.
You were hungry.

You visited 1 branch of the dungeon, and saw 4 of its levels.

You collected 80 gold pieces.

Inventory:

Hand Weapons
 a - a +0 hand axe (weapon)
 m - a +2 hunting sling of flaming
Missiles
 e - 19 sling bullets
 j - 30 bolts
Armour
 b - a +0 animal skin (worn)
 p - a scarf of cloud immunity (worn)
Jewellery
 r - a +6 ring of strength {unknown}
Scrolls
 f - a scroll of fog
 k - a scroll of random uselessness {unknown}
 o - a scroll of identify {unknown}
Potions
 g - 2 potions of flight
 l - a potion of agility {unknown}
Comestibles
 c - 5 rations
 q - 5 chunks of flesh


   Skills:
 + Level 5.1 Fighting
 * Level 5.4 Axes
 + Level 3.4 Dodging


You had 4 spell levels left.
You didn't know any spells.
Your spell library was empty.

Dungeon Overview and Level Annotations

Branches:
Dungeon (4/15)
 Temple: D:4-7

Altars:
Uskayaw


Innate Abilities, Weirdness & Mutations

You are too large for most types of armour.
You have tough skin. (AC +1)


Message History

It was a potion of berserk rage.
You're still recovering from your berserk rage.
The hound bites you.
* * * LOW HITPOINT WARNING * * *
The hound bites you.
* * * LOW HITPOINT WARNING * * *
It was a potion of curing.
You feel better. The hound bites you.
* * * LOW HITPOINT WARNING * * *
The hound completely misses you. The hound bites you.
* * * LOW HITPOINT WARNING * * *
The hound barely misses you.
It was a potion of cancellation.
Your magical effects are unravelling.
You feel magically purged.
You feel yourself speed up.
You float gracefully downwards.
The hound closely misses you. The hound bites you.
* * * LOW HITPOINT WARNING * * *
It was a potion of magic.
Magic courses through your body. The hound bites you.
You die...

###................#.#
.............#...### #
#..(................
#...........###.####
#........#......#
.#..§§§.........
#.##§#§.........
#.##§§§.........#
#>@h§§§.........
...(...§§§§§.........
.........§§.........
.........#.........
.........#........
.........#........
.........#########
.........#


You could see a hound.

Vanquished Creatures
  A centaur skeleton (D:3)
  2 orc wizards (D:4)
  A worker ant (D:4)
  7 adders
  2 worms (D:2)
  A dart slug (D:1)
  A leopard gecko (D:2)
  6 orcs
  A giant cockroach (D:2)
  5 goblins
  A hobgoblin (D:2)
  A ball python (D:1)
  2 bats
  2 frilled lizards (D:2)
  2 rats (D:1)
35 creatures vanquished.

Notes
Turn   | Place    | Note
-------+----------+-------------------------------------------
     0 | D:1      | robertstho the Ogre Berserker began the quest for the Orb.
     0 | D:1      | Reached XP level 1. HP: 24/24 MP: 1/1
   517 | D:1      | Reached XP level 2. HP: 32/32 MP: 2/2
   952 | D:2      | Reached XP level 3. HP: 29/40 MP: 3/3
  1200 | D:2      | Found a hide-covered altar of Uskayaw.
  1527 | D:2      | Reached XP level 4. HP: 33/49 MP: 4/4
  2292 | D:3      | Reached XP level 5. HP: 41/55 MP: 5/5
  2575 | D:4      | Reached ** piety under Trog
  2575 | D:4      | Reached skill level 5 in Axes
  2576 | D:4      | Reached skill level 5 in Fighting
  2606 | D:4      | Slain by a hound

Vault maps used:
D:1:      scummos_arrival_forest
D:2:      eat_drink_and_be_merry_uskayaw, minmay_crystal_water
D:3:      tgw_fedhas
D:4:      gammafunk_steamed_eel, minmay_temple_entry_nine_rooms,
          doesnt_xom_only_xom

Skill      XL: |  1  2  3  4  5 |
---------------+----------------+-----
Dodging        | 3 |  3.4
Axes           | 4 5 |  5.4
Fighting       | 5 |  5.1

Action                   |  1- 3 |  4- 6 || total
-------------------------+-------+-------++-------
Melee: Hand axe          |    87 |    57 ||   144
Invok: Berserk           |     1 |     3 ||     4
  Use: Potion            |       |     5 ||     5
       Scroll            |       |     1 ||     1
 Stab: Sleeping          |     1 |       ||     1
  Eat: Chunk             |     2 |     6 ||     8
Armor: Animal skin       |    26 |     9 ||    35
Dodge: Dodged            |    47 |    38 ||    85

Table legend:
 A = Spawn XP
 B = Non-spawn XP
 C = Spawn XP percentage of total XP
 D = Spawn monster count
 E = Non-spawn monster count
 F = Spawn count percentage of total count
 G = Total turns spent on level
                    A         B        C        D         E        F      G
               +---------+---------+-------+---------+---------+-------+---------
         Total |       0 |     306 |   0.0 |       0 |      35 |   0.0 |  2606
               +---------+---------+-------+---------+---------+-------+---------
           D:1 |       0 |      11 |   0.0 |       0 |       7 |   0.0 |   874
           D:2 |       0 |      90 |   0.0 |       0 |      14 |   0.0 |  1203
           D:3 |       0 |      80 |   0.0 |       0 |       8 |   0.0 |   484
           D:4 |       0 |     125 |   0.0 |       0 |       6 |   0.0 |    45
               +---------+---------+-------+---------+---------+-------+---------
